 Dungeon Crawl Stone Soup version 0.19-a0-475-gfca3800 (webtiles) character file.

555 TheWatcherInTheDunes the Insei (level 7, -4/55 HPs)
             Began as a Mummy Monk on June 4, 2016.
             Splashed by a jelly's acid (9 damage)
             ... on level 4 of the Dungeon.
             The game lasted 00:13:33 (7057 turns).

TheWatcherInTheDunes the Insei (Mummy Monk)         Turns: 7057, Time: 00:13:34

Health: -4/55      AC: -5    Str: 15    XL:     7   Next: 8%
Magic:  7/7        EV: 13    Int:  9    God:
Gold:   103        SH:  5    Dex: 16    Spells: 0 memorised, 6 levels left

rFire  x . .     SeeInvis .       - Unarmed
rCold  + . .     Gourm    .     (no armour)
rNeg   + + +     Faith    .     h - +0 buckler {The buckler of chaos 'Shitpostbringer'}
rPois  ∞         Spirit   .     (no helmet)
rElec  .         Dismiss  .     (no cloak)
rCorr  .         Reflect  .     d - +2 pair of gloves
SustAt +         Harm     .     (no boots)
MR     .....                    (no amulet)
Stlth  ++........               (no ring)
                                j - ring of sustain attributes

@: corroded, not resistant to hostile enchantments, unstealthy
A: no food or potions, fire vulnerability, cold resistance 1, negative energy
resistance 3, torment resistance, unbreathing
a: no special abilities


You were on level 4 of the Dungeon.
You were not hungry.

You visited 1 branch of the dungeon, and saw 5 of its levels.

You collected 103 gold pieces.


Innate Abilities, Weirdness & Mutations

You do not eat or drink.
Your flesh is vulnerable to fire.
You are immune to poison.
Your flesh is cold resistant. (rC+)
You are immune to negative energy. (rN+++)
You are immune to unholy pain and torment.
You can survive without breathing.


   Skills:
 + Level 4.4 Fighting
 - Level 2.4 Dodging
 - Level 1.5 Stealth
 - Level 4.0 Shields
 - Level 5.0 Unarmed Combat


You had 6 spell levels left.
You didn't know any spells.

Inventory:

Armour
 d - a +2 pair of gloves (worn)
 h - a +0 buckler (worn) {The buckler of chaos 'Shitpostbringer'}
Jewellery
 j - a ring of sustain attributes (left hand)
Scrolls
 a - 3 scrolls of enchant armour
 b - a scroll of fear {unknown}
 c - a scroll of identify {@r1}
 e - a scroll of magic mapping {unknown}
 f - 2 scrolls of immolation {!r}
 i - 2 scrolls of fog {unknown}
 k - a scroll of enchant weapon {unknown}
 l - 2 scrolls of teleportation {@r4}
 m - a scroll of noise {!r}
 n - a scroll of remove curse {unknown}
 o - a scroll of random uselessness {unknown}
Comestibles
 g - 5 fruits (quivered)

Dungeon Overview and Level Annotations

Branches:
Dungeon (5/15)
 Temple: D:4-7

Altars:
Ashenzari
Elyvilon
Hepliaklqana
Pakellas
Ru
Xom

Annotations:
D:2 8 exclusions, Sigmund
D:4 Dowan, Duvessa, Edmund

▒.▒.▒▒▒▒▒▒▒ ▒▒.▒.▒
▒.▒.......▒ ▒.....
▒.▒▒▒▒▒▒▒.▒ ▒▒▒.▒▒▒▒
▒.▒ ▒.▒▒▒.▒...▒ ▒.▒
▒.▒▒....▒.▒ ▒.▒
▒.▒...†...▒ ▒.▒
▒.......▒▒▒▒
▒%▒▒▒▒▒▒▒▒▒.........
▒.JM@...▒ ▒▒<...▒▒▒▒
▒▒▒▒▒▒▒.▒ ▒▒.▒.▒ ▒.▒
▒.▒.▒ ▒.▒ ▒.▒.▒ ▒.▒
▒.▒.▒▒▒▒ ▒.▒
▒.▒..... ▒†▒
▒.▒▒▒▒▒. ▒.▒
▒.▒▒▒▒▒. ▒▒.▒▒
▒▒.......


You could see Edmund and a jelly.


Message History

There is a stone staircase leading up here!
Unknown command!
The orc shouts!!!
The orc moves out of view!
The howler monkey zombie completely misses you!
The howler monkey zombie bites you! You block the jelly's attack!
You climb upwards!
Level annotation: Dowan, Duvessa, Edmund
There is a stone staircase leading down here!
Okay, then!
You pulverise the jelly!
The acid corrodes you!!!
Your hands burn!!!
The jelly is moderately wounded!
Edmund hits you with a dire flail!!! * * * don't die
* * * You pulverise the jelly but do no damage!
Your hands burn!!! * * * don't die
* * * The jelly is moderately wounded!
You block the jelly's attack! Edmund completely misses you!
You pulverise the jelly!
Your hands burn!!! * * * don't die
* * * The jelly is moderately wounded!
The jelly closely misses you!
Edmund hits you with a dire flail!!! * * * don't die
* * * You completely miss the jelly!
The jelly is moderately wounded!
The jelly hits you! * * * don't die
* * * You are splashed with acid!!!
The acid burns!!! rip

Action                   |  1- 3 |  4- 6 |  7- 9 || total
-------------------------+-------+-------+-------++-------
Melee: Unarmed           |   170 |   396 |    43 ||   609
       Punch             |     1 |       |       ||     1
  Use: Scroll            |       |       |     4 ||     4
 Stab: Sleeping          |     5 |     9 |       ||    14
Armor: Skin              |    18 |    55 |    10 ||    83
Dodge: Dodged            |    88 |   195 |    30 ||   313
Block: Buckler           |    11 |    72 |    12 ||    95

Vault maps used:
D:1:      dpeg_arrival_simpleton_b
D:2:      kennysheep_big_flooded_room, elyvilon_altar_5, lemuel_doored_altar,
          first_bread, grunt_decor_mini_mirrors, uniq_sigmund
D:3:      ecumenical_altar_1
D:4:      kennysheep_mini_moat, evilmike_ruin_ashenzari, xom_redecorated,
          nicolae_ru_path_of_blood, uniq_natasha, uniq_edmund, uniq_grinder,
          uniq_duvessa
D:5:      tgw_sif, serial_shops, shop_fountains, nicolae_shop_behind_doors,
          minmay_statues_item, grunt_ministairs_2

Notes
Turn   | Place    | Note
--------------------------------------------------------------
     0 | D:1      | TheWatcherInTheDunes the Mummy Monk began the quest for the Orb.
     0 | D:1      | Reached XP level 1. HP: 18/18 MP: 1/1
   398 | D:1      | Reached XP level 2. HP: 10/24 MP: 2/2
   998 | D:2      | Reached skill level 4 in Unarmed Combat
   998 | D:2      | Reached XP level 3. HP: 29/29 MP: 3/3
  1470 | D:2      | Reached skill level 1 in Shields
  1657 | D:2      | Noticed Sigmund
  1778 | D:2      | Reached XP level 4. HP: 28/35 MP: 4/4
  1870 | D:2      | Found a white marble altar of Elyvilon.
  1893 | D:2      | Reached skill level 2 in Shields
  2799 | D:2      | Reached XP level 5. HP: 13/41 MP: 5/5
  3022 | D:2      | Reached skill level 3 in Shields
  3532 | D:2      | Found an oddly glowing altar of Pakellas.
  3770 | D:3      | Found a faded altar of an unknown god.
  4415 | D:4      | Found a shimmering altar of Xom.
  4415 | D:4      | Found a shimmering altar of Xom.
  4417 | D:4      | Found a shimmering altar of Xom.
  4418 | D:4      | Found a shimmering altar of Xom.
  4464 | D:4      | Noticed Edmund
  4715 | D:3      | Reached skill level 5 in Unarmed Combat
  4980 | D:4      | Reached XP level 6. HP: 39/47 MP: 6/6
  5072 | D:4      | Noticed Natasha
  5081 | D:4      | Killed Natasha
  5337 | D:4      | Reached skill level 4 in Shields
  5349 | D:4      | Found a shattered altar of Ashenzari.
  5476 | D:4      | Found a hazy altar of Hepliaklqana.
  5617 | D:4      | Noticed Natasha
  5625 | D:4      | Killed Natasha
  5681 | D:4      | Noticed Natasha
  5801 | D:4      | Killed Natasha
  5801 | D:4      | Reached skill level 4 in Fighting
  5938 | D:4      | Found a sacrificial altar of Ru.
  5968 | D:4      | Noticed Duvessa
  5968 | D:4      | Noticed Dowan
  6655 | D:5      | Entered Level 5 of the Dungeon
  6703 | D:4      | Reached XP level 7. HP: 31/54 MP: 7/7
  7057 | D:4      | HP: 5/55 [jelly (3)]
  7057 | D:4      | Splashed by a jelly's acid

Vanquished Creatures
  A water moccasin skeleton (D:4)
  A crimson imp (D:4)
  A hound (D:3)
  Natasha (thrice) (D:4)
  2 worker ants (D:4)
  16 adders
  3 gnolls
  A howler monkey skeleton (D:5)
  An ooze (D:1)
  7 worms
  A dart slug (D:2)
  6 giant geckos
  4 orcs
  5 giant cockroaches
  10 goblins
  9 hobgoblins
  8 jackals
  A quokka (D:2)
  9 bats
  6 giant newts
  11 kobolds
  11 rats
117 creatures vanquished.
